 Dungeon Crawl Stone Soup version 0.17-a0-1954-g0dddeaa (webtiles) character file.

125359 mrath the Nimble (level 16, 0/155 HPs)
             Began as a Troll Hunter on Oct 1, 2015.
             Was a High Priest of Okawaru.
             Shot with an arrow by a naga sharpshooter (27 damage)
             ... on level 1 of the Snake Pit on Oct 3, 2015.
             The game lasted 08:20:03 (36481 turns).

mrath the Nimble (Troll Hunter)                    Turns: 36481, Time: 08:20:03

Health: 0/155      AC: 13    Str: 28    XL:     16   Next: 41%
Magic:  20/20      EV: 17    Int:  9    God:    Okawaru [*****.]
Gold:   2821       SH: 25    Dex: 16    Spells: 0 memorised, 15 levels left

rFire  + . .     SeeInvis .     j - +6 eveningstar (flame)
rCold  + . .     Clarity  .     P - +2 robe {rC+ rF+}
rNeg   . . .     SustAt   .     d - +7 large shield {AC+3}
rPois  +         Gourm    +     (helmet restricted)
rElec  .         Spirit   .     H - +2 cloak of Atheism {Regen+ Str+2 Dex+3 Stlth+}
rCorr  .         Warding  .     (gloves unavailable)
rMut   .         Stasis   .     (boots unavailable)
MR     ++...                    e - amulet of Vitality {Regen+ HP+15}
Stlth  ++++......               B - ring of Shaolin {EV+8}
                                x - ring of poison resistance

@: very resistant to hostile enchantments, stealthy
A: unfitting armour, antennae 1, claws 3, blurry vision 1, clever 1, fast
metabolism 3, frail 1, gourmand, magic resistance 1, regeneration 2, shaggy fur
1, tough skin 2, evolution 1
a: Heroism, Finesse, Renounce Religion


You were on level 1 of the Snake Pit.
You worshipped Okawaru.
Okawaru was extremely pleased with you.
You were full.

You visited 5 branches of the dungeon, and saw 29 of its levels.
You also visited: Ice Cave.

You collected 3268 gold pieces.
You spent 447 gold pieces at shops.

Inventory:

Hand weapons
 h - a +5 greatsling of velocity
 j - a +6 eveningstar of flaming (weapon)
 F - a +2 war axe of freezing
Missiles
 n - 71 tomahawks (quivered)
 z - 8 poisoned javelins
 I - 17 sling bullets of frost
 Q - 12 exploding sling bullets
Armour
 d - a +7 large shield of protection (worn)
 H - the +2 cloak of Atheism (worn) {Regen+ Str+2 Dex+3 Stlth+}
   (Okawaru gifted it to you on level 4 of the Orcish Mines)

   It affects your strength (+2).
   It affects your dexterity (+3).
   It increases your rate of regeneration.
   It makes you more stealthy.
 P - a +2 robe of resistance (worn)
Jewellery
 e - the amulet of Vitality (around neck) {Regen+ HP+15}
   (You took it off a red devil on level 8 of the Lair of Beasts)

   [amulet of regeneration]

   It affects your health (+15).
   It increases your rate of regeneration.
 k - an uncursed ring of see invisible
 o - an uncursed ring of flight
 x - a ring of poison resistance (left claw)
 B - the ring of Shaolin (right claw) {EV+8}
   (You found it on level 1 of the Lair of Beasts)

   [ring of evasion]

   It affects your evasion (+8).
 M - an uncursed ring of protection from magic
 Y - an uncursed amulet of resist corrosion
Magical devices
 b - a wand of confusion (23)
 v - a wand of fire (0)
 w - a wand of digging (12)
 y - a wand of lightning (3)
 L - a wand of fireball (5)
Scrolls
 l - 4 scrolls of teleportation
 m - 10 scrolls of remove curse
 q - a scroll of identify
 r - 2 scrolls of blinking
 s - 4 scrolls of fog
 C - 7 scrolls of magic mapping
 J - 3 scrolls of fear
 U - a scroll of silence
 Z - a scroll of recharging
Potions
 g - 2 potions of cancellation
 p - a potion of resistance
 E - 5 potions of curing
 N - 3 potions of agility
Miscellaneous
 i - a lamp of fire (inert)
Comestibles
 A - 17 fruits


   Skills:
 + Level 9.6 Fighting
 - Level 8.5(9.0) Axes
 + Level 4.8(7.7) Maces & Flails
 - Level 5.3(6.8) Slings
 + Level 8.8(9.9) Throwing
 + Level 10.0 Dodging
 + Level 8.3 Stealth
 + Level 9.1 Shields
 + Level 8.1 Unarmed Combat
 - Level 7.6 Invocations
 + Level 4.4 Evocations


You had 15 spell levels left.
You didn't know any spells.

Dungeon Overview and Level Annotations

Branches:
Dungeon (15/15)            Temple (1/1) D:7            Lair (8/8) D:9
 Shoals (0/4) Lair:5        Snake (1/4) Lair:4        Slime (0/6) Lair:6
    Orc (4/4) D:11            Elf (0/3) Orc:4        Vaults (0/5) D:14
 Depths (0/5) D:15

Altars:
Ashenzari
Cheibriados
Dithmenos
Elyvilon
Gozag
Kikubaaqudgha
Makhleb
Nemelex Xobeh
Okawaru
Qazlal
Ru
Sif Muna
Trog
Vehumet
Xom
Yredelemnul
Zin
Beogh
Jiyva

Shops:
D:6 ?   D:7 (   D:8 (   D:11 [   D:13 *   Orc:1 %   Orc:4 ?*[*

Portals:
Hell: Lair:8

Annotations:
D:12 exclusion: oklob plant


Innate Abilities, Weirdness & Mutations

You are too large for most types of armour.
You have claws for hands.
Your metabolism is lightning-fast.
You like to eat raw meat.
You heal very quickly.
You are covered in fur (AC +1).
You have very tough skin (AC +2).
You have a pair of small antennae on your head.
Scrolls take you a little longer to read.
Your mind is acute. (Int +2)
You are frail (-10% HP).
You are resistant to hostile enchantments.
You evolve.


Message History

You block the anaconda's attack. The anaconda constricts you.
You block the shock serpent's attack.
The naga sharpshooter gestures wildly while chanting.
The naga sharpshooter magically shoots an arrow.
The arrow hits you!
* * * LOW HITPOINT WARNING * * *
Read which item? (? for menu, Esc to quit)
Really read with blurry vision while enemies are nearby?
Okay, then.
You escape the anaconda's grasp.
The greater naga spits poison at you. The splash of poison hits you!
You resist. You block the anaconda's attack. The anaconda bites you!
* * * LOW HITPOINT WARNING * * *
The shock serpent bites you but does no damage.
You block the greater naga's attack. x2
The naga sharpshooter gestures wildly while chanting.
The naga sharpshooter magically shoots an arrow.
The arrow hits you!!
You die...

#.....#
###...#.#####
.§.........
##§.......
##..§..N≈.
#....ENSN
#....NNN#{
#....SS@#{
....SS##S#
..... {{#SS
++..


NSN. ... NN... .. ..... . .... .... You could see 2 naga warriors, a greater
naga, 2 naga sharpshooters, 2 anacondas, a shock serpent, a mana viper, 5 black
mambas, a naga mage, 4 nagas and a friendly fire elemental.

Vanquished Creatures
  Donald (Orc:3)
  An orc warlord (Orc:4)
  A stone giant (Orc:4)
  Nessos (Lair:6)
  A dire elephant (Lair:8)
  Snorg (Lair:6)
  A vault guard (D:14)
  2 ogre magi
  Fannar (D:10)
  15 hydras
  2 catoblepae
  5 centaur warriors
  5 death yaks
  8 orc high priests (Orc:4)
  The ghost of nago the Carver, an experienced OpBe of Trog (D:9)
  A sun demon (Lair:8)
  A storm dragon zombie (D:15)
  Sonja (Orc:2)
  A deep elf knight (D:14)
  A fire crab (Lair:7)
  2 swamp dragons (Lair:6)
  7 skeletal warriors (D:15)
  3 ice statues (IceCv)
  4 unseen horrors
  4 hill giants
  A phantasmal warrior (D:15)
  2 wolf spider zombies
  3 wizards
  A wolf spider (D:15)
  A necromancer (D:15)
  A frost giant zombie (D:15)
  2 orc knights (Orc:4)
  4 griffons
  17 black mambas
  4 orc sorcerers (Orc:4)
  A spriggan zombie (D:15)
  17 elephants
  A gargoyle (D:11)
  14 spiny frogs
  2 sirens (Lair:5)
  A smoke demon (Lair:8)
  A kobold demonologist (D:9)
  3 orange demons (Lair:8)
  9 komodo dragons
  3 fire drakes
  A spriggan skeleton (D:15)
  3 blue devils (Lair:8)
  5 two-headed ogres
  A hellwing (Lair:8)
  A polar bear (Lair:6)
  3 merfolk (Lair:5)
  3 red devils (Lair:8)
  A polar bear (shapeshifter) (D:15)
  The ghost of asdu the Poker, an average CeAs (D:7)
  9 trolls
  4 slime creatures (D:12)
  20 blink frogs
  Grinder (D:5)
  2 trapdoor spiders
  A wraith (D:13)
  5 deep elf magi
  A spriggan (D:7)
  6 wyverns
  54 yaks
  3 basilisks
  2 hungry ghosts
  5 wargs
  8 hippogriffs
  22 water moccasins
  2 vampire mosquitoes
  29 wolves
  A naga (Snake:1)
  A swamp worm (Lair:6)
  A mottled dragon (D:14)
  2 sky beasts
  12 porcupines
  Duvessa (D:6)
  15 ice beasts
  2 black bears
  A hell hound (Lair:8)
  2 necrophages
  48 orc warriors
  32 ogres
  A swamp drake (Lair:6)
  2 wasps
  12 centaurs
  6 phantoms
  20 crocodiles
  A brain worm (D:14)
  17 giant frogs
  3 big kobolds
  A gnoll sergeant (D:11)
  A wyvern zombie (D:13)
  Dowan (D:6)
  A water moccasin zombie (D:9)
  17 killer bees
  8 scorpions
  5 giant frog zombies
  6 hounds
  5 crimson imps
  3 centaur zombies
  7 centaur skeletons
  3 giant frog skeletons
  11 jellies
  31 orc priests
  3 gnoll shamans
  30 orc wizards
  14 iguanas
  2 quasits (D:9)
  12 worker ants
  15 sheep
  A hound skeleton (D:9)
  Robin (D:2)
  A worker ant zombie (D:11)
  11 adders
  24 gnolls
  A shadow imp (D:10)
  56 river rats
  12 white imps (Orc:3)
  15 oozes
  An adder zombie (D:5)
  An adder skeleton (D:4)
  4 worms
  4 giant geckos
  287 orcs
  12 bats
  5 giant cockroaches
  13 goblins
  10 hobgoblins
  12 kobolds
  8 quokkas
  5 ball pythons
  2 giant gecko zombies (D:5)
  4 giant newts
  17 jackals
  A quokka skeleton (D:6)
  2 quokka zombies
  7 rats
  A bush (Lair:4)
  6 fungi
  12 plants
1244 creatures vanquished.

Vanquished Creatures (others)
  A porcupine (Lair:6)
  2 orc wizards (Orc:4)
  A kobold (D:10)
  32 fungi
  10 plants
46 creatures vanquished.

Grand Total: 1290 creatures vanquished

Notes
Turn   | Place    | Note
--------------------------------------------------------------
     0 | D:1      | mrath the Troll Hunter began the quest for the Orb.
     0 | D:1      | Reached XP level 1. HP: 19/19 MP: 0/0
   202 | D:1      | Reached XP level 2. HP: 28/28 MP: 1/1
   267 | D:1      | Reached skill level 1 in Unarmed Combat
   646 | D:1      | Reached XP level 3. HP: 32/35 MP: 2/2
  1413 | D:2      | Found a bloodstained altar of Trog.
  1503 | D:2      | Reached XP level 4. HP: 39/42 MP: 3/3
  1574 | D:2      | Noticed Robin
  1587 | D:2      | Killed Robin
  1591 | D:2      | Reached skill level 4 in Throwing
  1969 | D:2      | Found a deep blue altar of Sif Muna.
  2192 | D:3      | Found a shadowy altar of Dithmenos.
  2293 | D:3      | Reached skill level 1 in Stealth
  2528 | D:3      | Reached XP level 5. HP: 49/49 MP: 4/4
  3064 | D:4      | Found an iron altar of Okawaru.
  3067 | D:4      | Became a worshipper of Warmaster Okawaru
  3081 | D:4      | Found an opulent altar of Gozag.
  3090 | D:4      | Noticed a phantom
  3102 | D:4      | Noticed a phantom
  3190 | D:4      | Killed a phantom
  3190 | D:4      | Reached XP level 6. HP: 28/59 MP: 5/5
  3286 | D:4      | Noticed an ogre
  3297 | D:4      | Killed an ogre
  3429 | D:4      | Noticed an ogre
  3437 | D:4      | Killed an ogre
  3437 | D:4      | Acquired Okawaru's first power
  3437 | D:4      | Reached XP level 7. HP: 66/66 MP: 6/6
  3619 | D:4      | Killed a phantom
  3638 | D:5      | Entered Level 5 of the Dungeon
  3953 | D:5      | Reached skill level 5 in Unarmed Combat
  3979 | D:5      | Reached skill level 1 in Axes
  3979 | D:5      | Reached skill level 1 in Shields
  4057 | D:5      | Reached XP level 8. HP: 53/75 MP: 7/7
  4120 | D:5      | Reached skill level 5 in Throwing
  4147 | D:5      | HP: 2/75 [gnoll/halberd (11)]
  4208 | D:5      | Found a radiant altar of Vehumet.
  4291 | D:5      | Noticed Grinder
  4304 | D:5      | Killed Grinder
  4712 | D:5      | Found a snail-covered altar of Cheibriados.
  4839 | D:6      | Found Losumoq's Magic Scroll Shop.
  4855 | D:6      | Bought a scroll of identify for 24 gold pieces
  4855 | D:6      | Bought a scroll of identify for 24 gold pieces
  4855 | D:6      | Bought a scroll of identify for 24 gold pieces
  4855 | D:6      | Bought a scroll of identify for 24 gold pieces
  4855 | D:6      | Bought a scroll of identify for 24 gold pieces
  4985 | D:6      | Found a sacrificial altar of Ru.
  5055 | D:6      | Noticed Duvessa
  5058 | D:6      | Noticed Dowan
  5059 | D:6      | Killed Duvessa
  5071 | D:6      | Killed Dowan
  5167 | D:6      | Reached XP level 9. HP: 79/84 MP: 8/8
  5273 | D:6      | Found a glowing silver altar of Zin.
  5356 | D:6      | Reached skill level 6 in Unarmed Combat
  5369 | D:6      | HP: 3/84 [centaur (5)]
  6016 | D:7      | Found a staircase to the Ecumenical Temple.
  6025 | Temple   | Entered the Ecumenical Temple
  6041 | Temple   | Gained mutation: Your muscles are strong. (Str +2) [potion of beneficial mutation]
  6042 | Temple   | Gained mutation: Your muscles are very strong. (Str +4) [potion of beneficial mutation]
  6043 | Temple   | Gained mutation: You evolve. [potion of beneficial mutation]
  6090 | D:7      | Found a shimmering altar of Xom.
  6090 | D:7      | Found an ancient bone altar of Kikubaaqudgha.
  6443 | D:7      | Found Omeer's Antique Weapon Shoppe.
  6459 | D:7      | Found a shimmering altar of Xom.
  6995 | D:7      | Noticed asdu's ghost (average CeAs)
  7002 | D:7      | Killed asdu's ghost
  7698 | D:8      | Reached XP level 10. HP: 72/94 MP: 9/9
  7710 | D:8      | Reached skill level 1 in Invocations
  7813 | D:8      | Found Joist's Weapon Shop.
  7819 | D:8      | Lost mutation: Your muscles are very strong. (Str +4) [evolution]
  8035 | D:8      | Reached skill level 5 in Fighting
  8529 | D:8      | You fall through a shaft for 3 floors!
  8578 | D:10     | Entered Level 10 of the Dungeon
  8632 | D:9      | Noticed nago's ghost (experienced OpBe)
  8651 | D:9      | Killed nago's ghost
  8651 | D:9      | Received a gift from Okawaru
  8651 | D:9      | Reached skill level 5 in Dodging
  8761 | D:8      | Found a glowing silver altar of Zin.
  9089 | D:9      | Noticed an elephant
  9279 | D:9      | Found an opulent altar of Gozag.
  9576 | D:9      | Acquired Okawaru's second power
  9769 | D:9      | Found a staircase to the Lair.
  9825 | D:9      | Killed an elephant
  9931 | D:9      | Received a gift from Okawaru
 10079 | Lair:1   | Entered Level 1 of the Lair of Beasts
 10094 | Lair:1   | Found a labyrinth entrance.
 10126 | D:9      | Reached skill level 7 in Throwing
 10128 | D:9      | HP: 4/96 [yak (17)]
 10133 | D:9      | Reached XP level 11. HP: 3/104 MP: 12/12
 10133 | D:9      | HP: 3/104 [poisoned by a spiny frog]
 10138 | D:9      | HP: 3/104 [poisoned by a spiny frog]
 10336 | D:9      | Gained mutation: You have a pair of small antennae on your head. [evolution]
 10687 | D:9      | Received a gift from Okawaru
 10894 | Lair:1   | Reached skill level 5 in Axes
 12527 | Lair:2   | Gained mutation: Your mind is acute. (Int +2) [evolution]
 12745 | Lair:2   | Reached skill level 1 in Slings
 12766 | Lair:3   | Reached skill level 5 in Shields
 12844 | Lair:3   | Reached skill level 5 in Stealth
 12965 | Lair:3   | Noticed a four-headed hydra
 12974 | Lair:3   | Killed a four-headed hydra
 13040 | Lair:3   | Received a gift from Okawaru
 13045 | Lair:3   | Reached skill level 5 in Invocations
 13152 | Lair:3   | Noticed an eight-headed hydra
 13157 | Lair:3   | Killed an eight-headed hydra
 13157 | Lair:3   | Reached XP level 12. HP: 113/115 MP: 14/14
 13223 | Lair:3   | Noticed an eight-headed hydra
 13232 | Lair:3   | Killed an eight-headed hydra
 13875 | Lair:4   | Got a bloodstained arbalest
 14239 | Lair:4   | Received a gift from Okawaru
 14354 | Lair:4   | Noticed a four-headed hydra
 14359 | Lair:4   | Noticed a seven-headed hydra
 14371 | Lair:4   | Killed a four-headed hydra
 14375 | Lair:4   | Killed a seven-headed hydra
 14915 | Lair:4   | Received a gift from Okawaru
 15281 | Lair:4   | Found a staircase to the Snake Pit.
 16060 | Lair:5   | Gained mutation: You are frail (-10% HP). [evolution]
 16263 | Lair:5   | Found a staircase to the Shoals.
 16289 | Lair:5   | Reached XP level 13. HP: 72/111 MP: 16/16
 16527 | Lair:5   | Noticed a four-headed hydra
 16533 | Lair:5   | Killed a four-headed hydra
 17163 | Lair:5   | Noticed an eight-headed hydra
 17247 | Lair:4   | Gained mutation: You are resistant to hostile enchantments. [evolution]
 17319 | Lair:5   | Killed an eight-headed hydra
 17659 | Lair:6   | Found a viscous altar of Jiyva.
 17692 | Lair:6   | Found a staircase to the Slime Pits.
 17815 | Lair:6   | Noticed Snorg
 17831 | Lair:6   | Killed Snorg
 18064 | Lair:6   | Received a gift from Okawaru
 18237 | Lair:6   | Upgraded the game from 0.17-a0-1946-gfb768fe to 0.17-a0-1951-g62301d3
 18362 | Lair:6   | Noticed Nessos
 18400 | Lair:6   | Killed Nessos
 18655 | Lair:6   | Received a gift from Okawaru
 19037 | Lair:6   | You fall through a shaft for 2 floors!
 19037 | Lair:8   | Entered Level 8 of the Lair of Beasts
 19072 | Lair:8   | Found a burning altar of Makhleb.
 19234 | Lair:8   | Noticed a dire elephant
 19250 | Lair:8   | Killed a dire elephant
 19250 | Lair:8   | Reached skill level 8 in Fighting
 19394 | Lair:8   | Reached XP level 14. HP: 105/122 MP: 15/18
 20542 | Lair:7   | Lost mutation: Your muscles are strong. (Str +2) [evolution]
 20589 | Lair:7   | Received a gift from Okawaru
 21149 | Lair:7   | Received a gift from Okawaru
 21596 | Lair:6   | Reached skill level 1 in Evocations
 21700 | Lair:7   | Received a gift from Okawaru
 21714 | Lair:7   | Got a wizard robe {god gift}
 21760 | Lair:7   | Identified the +1 robe of Xiystramo {*Confuse rF+ Dex+3} (Okawaru gifted it to you on level 7 of the Lair of Beasts)
 21875 | Lair:7   | Reached skill level 5 in Slings
 23071 | Lair:8   | Found a gateway to Hell.
 23453 | D:10     | Found a sacrificial altar of Ru.
 23774 | D:10     | Noticed a centaur warrior
 23791 | D:10     | Killed a centaur warrior
 24135 | D:10     | Noticed Fannar
 24170 | D:10     | Killed Fannar
 24170 | D:10     | Reached skill level 1 in Maces & Flails
 24301 | D:10     | Got an ancient great mace {venom}
 24532 | D:11     | Reached XP level 15. HP: 130/130 MP: 19/19
 24601 | D:11     | Found Ywuyweum's Antique Armour Shop.
 24614 | D:11     | Noticed a hill giant
 24631 | D:11     | Killed a hill giant
 24631 | D:11     | Reached skill level 9 in Dodging
 24640 | D:11     | Found a staircase to the Orcish Mines.
 24800 | D:11     | Noticed a hill giant
 24807 | D:11     | Killed a hill giant
 24807 | D:11     | Received a gift from Okawaru
 25491 | Orc:1    | Entered Level 1 of the Orcish Mines
 25637 | Orc:1    | Found Sualodghu's Food Shoppe.
 26717 | Orc:2    | Noticed Sonja
 26726 | Orc:2    | Killed Sonja
 26843 | Orc:2    | Lost mutation: You are frail (-10% HP). [evolution]
 27279 | Orc:3    | You fall through a shaft!
 27279 | Orc:4    | Entered Level 4 of the Orcish Mines
 27294 | Orc:3    | Noticed Donald
 27304 | Orc:4    | Received a gift from Okawaru
 27305 | Orc:4    | Got a steaming cloak {god gift}
 27433 | Orc:3    | Found a frozen archway.
 27469 | IceCv    | Entered an ice cave
 27532 | IceCv    | Identified the +2 cloak of Atheism {Regen+ Str+2 Dex+3 Stlth+} (Okawaru gifted it to you on level 4 of the Orcish Mines)
 27613 | IceCv    | Got a warped platinum ring
 28166 | Orc:3    | Found a deep blue altar of Sif Muna.
 28195 | Orc:3    | Killed Donald
 28828 | Orc:4    | Found a roughly hewn altar of Beogh.
 28992 | Orc:4    | Found Sibrudun's General Store.
 29015 | Orc:4    | Bought a potion of curing for 33 gold pieces
 29023 | Orc:4    | Found Dol Uda's Antique Armour Shop.
 29041 | Orc:4    | Identified the ring "Bojeimam" {SustAt *Contam rPois rF- rN+++} (You found it in an ice cave)
 29417 | Orc:4    | Gained mutation: You are frail (-10% HP). [a neqoxec]
 29967 | Orc:4    | Found Xuridgh's Magic Scroll Shop.
 30082 | Orc:4    | Bought a scroll of enchant armour for 90 gold pieces
 30082 | Orc:4    | Bought a scroll of identify for 24 gold pieces
 30095 | Orc:4    | Found a roughly hewn altar of Beogh.
 30113 | Orc:4    | Found Xeojogem's Assorted Antiques.
 30195 | Orc:4    | Received a gift from Okawaru
 30336 | Orc:4    | Bought a potion of curing for 90 gold pieces
 30336 | Orc:4    | Bought a potion of curing for 90 gold pieces
 30419 | Orc:4    | Found a staircase to the Elven Halls.
 31937 | D:13     | Found Zecull's Elemental Accessories.
 32331 | D:13     | Received a gift from Okawaru
 33234 | D:14     | Found a stormy altar of Qazlal.
 34211 | D:14     | Reached XP level 16. HP: 89/140 MP: 20/20
 34269 | D:14     | Found a gate to the Vaults.
 34363 | D:14     | Identified a scroll of acquirement
 34373 | D:15     | Entered Level 15 of the Dungeon
 34548 | D:15     | Got an encrusted mace
 34717 | D:15     | Found a staircase to the Depths.
 34909 | D:15     | Identified the cursed +0 mace of Tortfeasance {crush, -Tele Str+4 Int+5} (You found it on level 15 of the Dungeon)
 35144 | D:15     | Reached skill level 10 in Dodging
 35303 | D:15     | Received a gift from Okawaru
 35765 | D:15     | Upgraded the game from 0.17-a0-1951-g62301d3 to 0.17-a0-1954-g0dddeaa
 36276 | Lair:2   | Gained mutation: Scrolls take you a little longer to read. [mutagenic glow]
 36370 | Snake:1  | Entered Level 1 of the Snake Pit
 36481 | Snake:1  | Shot with an arrow by a naga sharpshooter

Vault maps used:
D:1:      dpeg_arrival_arbitrary_b
D:2:      lemuel_coloured_pillars_altar, bloody_trog, uniq_robin
D:3:      columned_hall_lemuel, corexii_item_surrounded_by_moat,
          nicolae_dithmenos_shadow_blocks
D:4:      kennysheep_mini, grunt_gozag_statues
D:5:      cheibrodos_worm_habitat, first_bread, vehumet_altar_wand_db,
          uniq_grinder
D:6:      nicolae_ru_sacrificial_ziggurat, serial_shops,
          nicolae_shop_waterfront, basic_altar, hex_large, uniq_duvessa
D:7:      gammafunk_temple_overflow_elements, serial_shops, shop, basic_altar,
          the_bakery, glass_columns_c, st_stairs_3
D:8:      serial_shops, shop, serial_aquarium, aquarium_bridge_square,
          aquarium_window_1, aquarium_window_1, aquarium_window_double,
          aquarium_view_2c, aquarium_balcony_3b, lemuel_tele_altar
D:9:      kennysheep_little_box, david_lair_generic
D:10:     basic_altar, uniq_fannar
D:11:     orc_david_3, serial_shops, nicolae_shop_trees
D:12:     lemuel_slime
D:13:     nicolae_elemental_shop
D:14:     david_vaults_5, basic_altar
D:15:     gammafunk_depths_entry_grave, grunt_ministairs_7,
          minmay_misc_feat_ornament, hangedman_abyss_or_decor_stagger
Temple:   circular_temple_12
Lair:1:   lab_entry_generic, grunt_megastairs_2, lemuel_fruit_fields,
          serial_bayou_shore_b, serial_bayou_shore_b, serial_bayou_shore_b
Lair:3:   minmay_holes
Lair:4:   minmay_snake_entry_six_corridors
Lair:5:   elwin_shoals_entry_stream
Lair:6:   onia_ninara_swampy_vault, slime_altar_1, lemuel_fruit_fields,
          uniq_snorg, uniq_nessos
Lair:7:   serial_bayou_shore_b
Lair:8:   evil_forest, st_stairs_8, infiniplex_staircase_pool_2
Snake:1:  st_stairs_1, evilmike_ambush
Orc:1:    serial_shops, nicolae_shop_scaring_up_business
Orc:2:    nicolae_orc_accident_3, uniq_sonja
Orc:3:    portal_ice_cave_entry_imps, nicolae_orc_pool_cavern, led_sif_book,
          uniq_donald
Orc:4:    pubby_orc_utopia, serial_shops
IceCv:    ice_cave_statue_garden_02

Action                   |  1- 3 |  4- 6 |  7- 9 | 10-12 | 13-15 | 16-18 || total
-------------------------+-------+-------+-------+-------+-------+-------++-------
Melee: Unarmed           |   134 |   192 |    11 |       |       |       ||   337
       War axe           |       |       |   333 |   785 |   128 |     3 ||  1249
       Flail             |       |       |       |    19 |       |     5 ||    24
       Eveningstar       |       |       |       |    58 |  1897 |   292 ||  2247
 Fire: Hunting sling     |       |       |    73 |   256 |   111 |       ||   440
       Greatsling        |       |       |       |       |   204 |     4 ||   208
Throw: Large rock        |     4 |    11 |    35 |     5 |    19 |       ||    74
       Javelin           |       |     2 |       |    38 |    16 |       ||    56
       Throwing net      |       |     2 |     2 |       |       |       ||     4
       Stone             |       |       |     1 |    19 |       |       ||    20
       Tomahawk          |       |       |       |       |   123 |    46 ||   169
Invok: Heroism           |       |       |     1 |    13 |    12 |     2 ||    28
       Finesse           |       |       |       |     2 |    12 |     2 ||    16
Evoke: Wand              |       |       |       |       |     3 |       ||     3
       Lamp of fire      |       |       |       |       |       |     1 ||     1
  Use: Scroll            |       |       |    10 |    20 |    20 |     9 ||    59
       Potion            |       |       |     4 |     3 |     4 |     3 ||    14
 Stab: Sleeping          |     1 |     1 |     1 |       |    19 |       ||    22
       Distracted        |       |       |       |       |     4 |       ||     4
  Eat: Chunk             |     9 |    18 |    27 |    85 |   170 |    20 ||   329
       Beef jerky        |     1 |       |     4 |     1 |       |       ||     6
       Fruit             |       |       |     2 |       |     5 |       ||     7
       Bread ration      |       |       |     2 |       |       |       ||     2
       Meat ration       |       |       |       |     1 |     1 |       ||     2
